 Dungeon Crawl Stone Soup version 0.21.1-1-g345015f (webtiles) character file.

67 zishaf the Chopper (level 3, 0/46 HPs)
             Began as a Minotaur Berserker on May 8, 2018.
             Was a Believer of Trog.
             Slain by an orc warrior
             ... wielding a +2 mace of protection
              (11 damage)
             ... on level 3 of the Dungeon.
             The game lasted 00:03:57 (1632 turns).

zishaf the Chopper (Minotaur Berserker)             Turns: 1632, Time: 00:03:58

Health: 0/46       AC:  5    Str: 27    XL:     3   Next: 98%
Magic:  2/2        EV: 11    Int:  8    God:    Trog [**....]
Gold:   161        SH:  0    Dex:  9    Spells: 2/2 levels left

rFire    . . .     SeeInvis .   a - +0 hand axe
rCold    . . .     Gourm    .   (no shield)
rNeg     . . .     Faith    .   i - +0 ring mail
rPois    .         Spirit   .   (helmet restricted)
rElec    .         Reflect  .   (no cloak)
rCorr    .         Harm     .   (no gloves)
MR       .....     Rnd*Tele +   (no boots)
Stlth    ..........             (no amulet)
HPRegen  0.15/turn              g - ring of teleportation (curse)
MPRegen  0.08/turn              m - +4 ring of intelligence

@: berserking, very quick
A: retaliatory headbutt, horns 2
a: Berserk, Trog's Hand, Burn Spellbooks, Renounce Religion


You were on level 3 of the Dungeon.
You worshipped Trog.
Trog was pleased with you.
You were very hungry.

You visited 1 branch of the dungeon, and saw 3 of its levels.

You collected 161 gold pieces.

Inventory:

Hand Weapons
 a - a +0 hand axe (weapon)
Armour
 i - a +0 ring mail (worn)
Jewellery
 g - a cursed ring of teleportation (left hand)
 m - a +4 ring of intelligence (right hand)
Scrolls
 e - 2 scrolls of enchant weapon {unknown}
 h - 5 scrolls of identify {unknown}
 j - a scroll of remove curse {unknown}
 q - a scroll of amnesia {unknown}
Potions
 b - a potion of heal wounds {unknown}
 d - 2 potions of flight {unknown}
 k - a potion of cancellation {unknown}
 l - a potion of brilliance {unknown}
 n - a potion of lignification {unknown}
 o - a potion of magic {unknown}
 p - a potion of agility {unknown}
Comestibles
 c - 3 rations
 f - 15 chunks of flesh


   Skills:
 - Level 3.6 Fighting
 * Level 5.9 Axes
 - Level 2.4 Armour
 - Level 2.1 Dodging


You had 2 spell levels left.
You didn't know any spells.

Dungeon Overview and Level Annotations

Branches:
Dungeon (3/15)

Altars:
Okawaru

Annotations:
D:3 scroll needs digging


Innate Abilities, Weirdness & Mutations

You reflexively headbutt those who attack you in melee.
You have a pair of horns on your head.


Message History

You kill the orc!
Trog accepts your kill.
You barely miss the adder. The orc warrior closely misses you.
The adder closely misses you.
You hit the orc warrior but do no damage.
The orc warrior is lightly wounded.
You closely miss the adder. The adder barely misses you.
You furiously retaliate!
You headbutt the adder!
You kill the adder!
Trog accepts your kill.
You barely miss the orc warrior.
The orc warrior is lightly wounded.
The orc warrior hits you with a mace of protection.
* * * LOW HITPOINT WARNING * * *
You closely miss the orc warrior.
The orc warrior is lightly wounded.
You barely miss the orc warrior.
The orc warrior is lightly wounded.
The orc warrior hits you with a mace of protection!
You die...

###### ......##########
......)).#.....##
......o@........##
#.....†..........#######
..<...................[.
.#................######
#...............##
.................#
##...............# ##
................# #.
.#.....#.. #.


You could see an orc warrior.

Vanquished Creatures
  3 adders
  A worm (D:3)
  A leopard gecko (D:3)
  5 orcs
  A giant cockroach (D:3)
  3 goblins
  3 hobgoblins
  4 jackals (D:3)
  3 kobolds
  A bat (D:1)
  4 frilled lizards
  3 rats
32 creatures vanquished.

Notes
Turn   | Place    | Note
-------+----------+-------------------------------------------
     0 | D:1      | zishaf the Minotaur Berserker began the quest for the Orb.
     0 | D:1      | Reached XP level 1. HP: 19/19 MP: 0/0
   280 | D:1      | Reached skill level 4 in Axes
   389 | D:1      | Reached XP level 2. HP: 18/26 MP: 1/1
   688 | D:2      | Found an iron altar of Okawaru.
  1385 | D:3      | Reached skill level 5 in Axes
  1405 | D:3      | Reached XP level 3. HP: 28/31 MP: 2/2
  1619 | D:3      | Noticed an orc warrior
  1623 | D:3      | Reached ** piety under Trog
  1632 | D:3      | Slain by an orc warrior

Skill      XL: |  1  2 |
---------------+-------+-----
Axes           | 4 5 |  5.9
Fighting       | |  3.6
Armour         | |  2.4
Dodging        | |  2.1

Action                   || total
-------------------------++-------
Melee: Hand axe          ||    68
       Headbutt          ||     7
Invok: Berserk           ||     1
  Eat: Chunk             ||     2
Armor: Animal skin       ||     5
       Ring mail         ||    15
Dodge: Dodged            ||    34
